 Dungeon Sprint DCSS version 0.31-a0-564-g3b7de120b3 (webtiles) character file.

Game seed: 18023207068418298618

177 rocky1 the Ruffian (level 5, -8/38 HPs)
             Began as a Djinni Shapeshifter on Aug 18, 2023.
             Was an Initiate of Gozag.
             Mangled by a two-headed ogre
             ... wielding a +0 giant spiked club
              (16 damage)
             ... in the Dungeon (Sprint IX: "|||||||||||||||||||||||||||||").
             The game lasted 00:00:47 (431 turns).

rocky1 the Ruffian (Djinni Shapeshifter)             Turns: 431, Time: 00:00:48

Health: -8/38      AC:  2    Str: 14    XL:     5   Next: 87%
Gold:   0          EV: 13    Int: 12    God:    Gozag SH:  0 Dex: 13

rFire   + +          .
                       - Unarmed
rCold   x . .        (no shield)
rNeg    . . .        a - +0 animal skin
rPois   ∞            (helmet currently unavailable)
rElec   .            (cloak currently unavailable)
rCorr   .            (gloves currently unavailable)
SInv    .            (boots unavailable)
Will    .....        (no amulet)
Stlth   ++           (no ring)
HPRegen 0.26/turn    (no ring)
MPRegen 0.00/turn

%: no teleportation, infuse magic (-9 HP)
@: beast-form, weakened, flying
A: beast (slay +4), flying, sickness immunity, fire resistance 2, cold
vulnerability 1, float, innate caster, HP casting, extra vitality 1
a: Begin Untransformation, Renounce Religion, Potion Petition, Call Merchant,
Bribe Branch


You were in the Dungeon.
You worshipped Gozag.
Gozag was noncommittal.
You were a hulking beast.
You visited 1 branch

Inventory:

Armour
 a - a +0 animal skin (worn)
Jewellery
 l - a +3 ring of dexterity
 m - a +2 ring of protection
Talismans
 c - a beast talisman (active)
 d - a flux talisman
Wands
 k - a wand of roots (8) (quivered)
Scrolls
 i - 2 scrolls of blinking
Potions
 b - a potion of lignification
 e - 5 potions of curing
 f - 3 potions of heal wounds
 g - a potion of haste
 h - a potion of berserk rage
 j - a potion of invisibility


   Skills:
 + Level 2.2 Fighting
 + Level 4.6 Dodging
 + Level 1.6 Stealth
 + Level 7.2 Unarmed Combat
 + Level 6.1 Shapeshifting


You knew the following spells:

 Your Spells              Type           Power      Damage    Failure   Level
a - Sting                 Tmut/Pois      0%         1d3       32%         1
b - Static Discharge      Conj/Air       0%         2-2/arc   45%         2
Your spell library was empty.

Dungeon Overview and Level Annotations

Branches:
Dungeon (1/1)

Altars:
Cheibriados
Dithmenos
Elyvilon
Fedhas
Gozag
Hepliaklqana
Makhleb
Nemelex Xobeh
Okawaru
Qazlal
Ru
Trog
Uskayaw
Wu Jian
Xom
Yredelemnul
Zin
The Shining One
Jiyva
Lugonu


Innate Abilities, Weirdness & Mutations

You are a hulking beast.
Your limbs bulge with bestial killing power. (Slay +4)
You are flying.
You are immune to sickness and miasma.
You are immune to poison.
Your flesh is very heat resistant. (rF++)
You are vulnerable to cold. (rC-)
You float through the air rather than walking.
You learn spells naturally, not from books.
Your magical power is your life essence.
You have superior vitality. (+4 MHP)


Message History

Unknown command.
You reach down and open the door.
A two-headed ogre, a gnoll bouda, a wight, a wraith and a troll come into view.
The gnoll bouda shouts!
Aiming: Fastroot
Press: ? - help, Q - select action, (/) - cycle Shift-Dir - straight line, f - two-headed ogre
Aim: a two-headed ogre, wielding a +0 giant spiked club and a +0 giant club The roots erupt in riotous growth!
Roots grab the two-headed ogre.
The grasping roots constrict the two-headed ogre.
The two-headed ogre barely misses you. x2
You hit the two-headed ogre. You punch the two-headed ogre.
The two-headed ogre is lightly wounded.
The grasping roots constrict the two-headed ogre.
The roots release their grip on the two-headed ogre.
You hit the two-headed ogre.
The two-headed ogre is moderately wounded.
The two-headed ogre hits you with a +0 giant spiked club!
The two-headed ogre hits you with a +0 giant club!
* * * LOW HITPOINT WARNING * * *
Aiming: Fastroot
Press: ? - help, Q - select action, (/) - cycle Shift-Dir - straight line, f/p - two-headed ogre
Aim: a two-headed ogre, wielding a +0 giant spiked club and a +0 giant club (moderately wounded)
The roots erupt in riotous growth!
Roots grab the two-headed ogre.
Roots grab the gnoll bouda.
The grasping roots constrict the two-headed ogre.
The grasping roots constrict the gnoll bouda.
The gnoll bouda gazes fiercely through you!
You feel your attacks grow feeble.
You hit the two-headed ogre.
The two-headed ogre is heavily wounded.
The grasping roots constrict the two-headed ogre.
The grasping roots constrict the gnoll bouda.
The roots release their grip on the two-headed ogre.
The roots release their grip on the gnoll bouda.
The two-headed ogre barely misses you.
The two-headed ogre hits you with a +0 giant club!
You die...
Your body crumbles into a pile of gold.

▓!▓
▓?▓
▓)▓
▓.▓
▓[▓
▓[▓
▓[▓
▓.▓
▓h▓
▓O▓
▓g▓
▓{▓
▓z▓
▓W▓
▓T▓
▓.▓


You could see a two-headed ogre, a troll, a wraith, a gnoll bouda and a wight.

Vanquished Creatures
  A centaur (D)
  3 hounds (D)
  An orc (D)
  A bat (D)
  An endoplasm (D)
  A jackal (D)
  2 rats (D)
10 creatures vanquished.

Notes
Turn   | Place    | Note
-------+----------+-------------------------------------------
     0 | D        | rocky1 the Djinni Shapeshifter began the quest for the Orb.
     0 | D        | Reached XP level 1. HP: 17/17 MP: 0/0
    32 | D        | Noticed a centaur
    32 | D        | Noticed a hound
    32 | D        | Noticed a hound
    32 | D        | Noticed a hound
    41 | D        | Killed a centaur
    42 | D        | Reached skill level 1 in Stealth
    42 | D        | Reached skill level 5 in Unarmed Combat
    42 | D        | Reached skill level 5 in Shapeshifting
    42 | D        | Reached XP level 2. HP: 14/23 MP: 0/0
    42 | D        | Reached XP level 3. HP: 17/28 MP: 0/0
    42 | D        | Learned a level 1 spell: Sting
    42 | D        | Reached XP level 4. HP: 21/33 MP: 0/0
    44 | D        | Reached skill level 6 in Unarmed Combat
    44 | D        | Reached XP level 5. HP: 23/38 MP: 0/0
    44 | D        | Learned a level 2 spell: Static Discharge
    53 | D        | Reached skill level 7 in Unarmed Combat
   373 | D        | Found a snail-covered altar of Cheibriados.
   373 | D        | Found a shadowy altar of Dithmenos.
   373 | D        | Found a white marble altar of Elyvilon.
   373 | D        | Found a blossoming altar of Fedhas.
   373 | D        | Found an opulent altar of Gozag.
   374 | D        | Found a hazy altar of Hepliaklqana.
   375 | D        | Found a viscous altar of Jiyva.
   377 | D        | Found a corrupted altar of Lugonu.
   378 | D        | Found a burning altar of Makhleb.
   383 | D        | Found a sparkling altar of Nemelex Xobeh.
   384 | D        | Found an iron altar of Okawaru.
   391 | D        | Became a worshipper of Gozag Ym Sagoz the Greedy
   392 | D        | Found a stormy altar of Qazlal.
   393 | D        | Found a sacrificial altar of Ru.
   395 | D        | Found a bloodstained altar of Trog.
   396 | D        | Found a hide-covered altar of Uskayaw.
   398 | D        | Found an ornate altar of the Wu Jian Council.
   399 | D        | Found a shimmering altar of Xom.
   400 | D        | Found a basalt altar of Yredelemnul.
   401 | D        | Found a glowing silver altar of Zin.
   402 | D        | Found a glowing golden altar of the Shining One.
   426 | D        | Noticed a two-headed ogre
   426 | D        | Noticed a wraith
   426 | D        | Noticed a troll
   431 | D        | Mangled by a two-headed ogre

Illustrated notes

Levels and vault maps discovered:
D:        linesprint [early_d, line_temple, items_1, d_10, items_2, lair_1,
          lair_end, items_3, orc_1, orc_end, items_4, d_15, swamp_1, shoals_1,
          snake_1, spider_1, d_20, vaults_1, items_5, swamp_end, shoals_end,
          snake_end, spider_end, vaults_end, d_27, items_6, zot_1, zot_end,
          crypt_end, forest_end, elf_end, slime_end, tomb_end, abyss_end,
          pan_hell_end]

Skill      XL: |  1  2  3  4  5 |
---------------+----------------+-----
Shapeshifting  | 5 6 |  6.1
Dodging        | 3 4 |  4.6
Stealth        | 1 |  1.6
Unarmed Combat | 5 6 7 |  7.2
Fighting       | 2 |  2.2

Action                     |  1- 3 |  4- 6 || total
---------------------------+-------+-------++-------
  Melee: Unarmed           |    25 |    15 ||    40
         Punch             |     1 |     1 ||     2
  Evoke: Wand              |       |     2 ||     2
   Stab: Sleeping          |     1 |       ||     1
 Armour: Animal skin       |     6 |     1 ||     7
  Dodge: Dodged            |    27 |     7 ||    34

Table legend: (Time is in decaauts)
 A = Elapsed time spent in this place.
 B = Non-inter-level travel time spent in this place.
 C = Inter-level travel time spent in this place.
 D = Time resting spent in this place.
 E = Time spent auto-exploring this place.
 F = Levels seen in this place.
 G = Mean time per level.
                   A        B        C        D        E       F      G
               +--------+--------+--------+--------+--------+-----+--------+
         Total |    427 |    427 |      0 |    319 |      0 |   1 |  427.0 |
       Dungeon |    427 |    427 |      0 |    319 |      0 |   1 |  427.0 |
               +--------+--------+--------+--------+--------+-----+--------+

Top non-repeatable levels by time:
       D: 427 daAuts
